 Dungeon Crawl Stone Soup version 0.31-a0-234-gad7ace16ef (webtiles) character file.

Game seed: 3494040280813133258

117 qw the Shooter (level 5, 0/30 HPs)
             Began as a Gargoyle Hexslinger on July 9, 2023.
             Slain by a gnoll bouda
             ... wielding a +0 club
              (4 damage)
             ... on level 4 of the Dungeon.
             The game lasted 00:00:42 (2266 turns).

qw the Shooter (Gargoyle Hexslinger)                Turns: 2266, Time: 00:00:43

Health: 0/30       AC: 11    Str: 12    XL:     5   Next: 1%
Magic:  6/6        EV: 10    Int: 13    God:
Gold:   170        SH:  0    Dex: 14    Spells: 5/6 levels left

rFire   . . .        Y - +3 sling
rCold   . . .        (no shield)
rNeg    + . .        f - +0 ring mail
rPois   inf          e - +1 hat
rElec   +            (no cloak)
rCorr   .            a - +0 pair of gloves
SInv    .            (no boots)
Will    .....        (no amulet)
Stlth   +            (no ring)
HPRegen 0.25/turn    (no ring)
MPRegen 0.10/turn

%: no passive effects
@: weakened
A: sickness immunity, AC +4, negative energy resistance 1, electricity
resistance, torment resistance 1, petrification resistance, mutation resistance
1
a: no special abilities


You were on level 4 of the Dungeon.
You visited 1 branch of the dungeon, and saw 4 of its levels.

You collected 170 gold pieces.


Innate Abilities, Weirdness & Mutations

You are immune to sickness and miasma.
Your stone body is resilient. (AC +4)
You are immune to poison.
You resist negative energy. (rN+)
You are resistant to electric shocks. (rElec)
You are resistant to unholy torment.
You are immune to petrification.
You are somewhat resistant to further mutation.


   Skills:
 - Level 2.0 Fighting
 + Level 4.5 Ranged Weapons
 - Level 1.0 Armour
 - Level 1.5 Dodging
 - Level 1.0 Spellcasting
 - Level 2.6 Hexes


You had 5 spell levels left.
You knew the following spells:

 Your Spells              Type           Power      Damage    Failure   Level
a - Slow                  Hex            28%        N/A       22%         1

Your spell library contained the following spells:

 Spells                   Type           Power      Damage    Failure   Level
 Inner Flame              Hex/Fire       4%         N/A       73%         3
 Portal Projectile        Hex/Tloc       8%         N/A       73%         3
 Cause Fear               Hex            3%         N/A       91%         4

Inventory:

Hand Weapons
 Y - a +3 sling (weapon)
Armour
 a - a +0 pair of gloves (worn)
 e - a +1 hat (worn)
 f - a +0 ring mail (worn)
Scrolls
 c - a scroll of identify
 j - a scroll of fear {unknown}
Potions
 b - a potion of invisibility {unknown}
 d - a potion of attraction {unknown}
 g - a potion of mutation
 h - a potion of resistance {unknown}
 i - 2 potions of curing

Dungeon Overview and Level Annotations

Branches:
Dungeon (4/15)
 Temple: D:4-7

Altars:
Elyvilon
Makhleb
Zin
The Shining One

Shops:
D:2 (


Message History

You shoot a sling bullet. The sling bullet hits the gnoll bouda.
The gnoll bouda is moderately wounded.
Your attacks no longer feel as feeble.
The gnoll bouda closely misses you.
The gnoll bouda hits you but does no damage.
You shoot a sling bullet.
The sling bullet closely misses the gnoll bouda.
The sling bullet hits the quokka but does no damage.
You hear an angry hiss.
The gnoll hits you with a +0 flail!
The gnoll bouda barks out a call to the hunt!
You shoot a sling bullet. The sling bullet hits the gnoll bouda.
The gnoll bouda is heavily wounded.
The gnoll closely misses you.
The gnoll bouda hits you but does no damage.
The gnoll hits you with a +0 flail.
You shoot a sling bullet. The sling bullet hits the gnoll bouda.
The gnoll bouda is severely wounded.
The gnoll bouda gazes fiercely through you!
You feel your attacks grow feeble.
The gnoll bouda hits you with a +0 club.
The gnoll hits you from afar with a +0 halberd!
The gnoll hits you with a +0 flail.
You shoot a sling bullet. The sling bullet hits the gnoll bouda.
The gnoll bouda is severely wounded.
The gnoll bouda gazes fiercely through you!
You feel as though you will be weak longer.
The gnoll bouda closely misses you. The gnoll closely misses you.
The gnoll hits you but does no damage.
The gnoll bouda gazes fiercely through you!
You feel as though you will be weak longer.
The gnoll bouda hits you with a +0 club.
You hear an angry hiss.
You shoot a sling bullet. The sling bullet hits the gnoll bouda.
The gnoll bouda is almost dead.
A ball python comes into view.
The gnoll barely misses you. The gnoll misses you.
A gnoll comes into view. It is wielding a +0 halberd.
The gnoll bouda hits you with a +0 club.
You die...

#...#####+##
#..........#
#..........# # #
#.....<....##.# .g
#...........#.##.
.....###....###...
####
#......r..#####
#.....#gggS....
#.#####@#.
#.#####.#
##.##....#.#.
#..............
#..##......#.#.
#..######### #...
#.^. #....


You could see a gnoll bouda, 3 gnolls, a quokka and a ball python.

Vanquished Creatures
  A jelly (D:4)
  A gnoll (D:1)
  3 adders
  3 dart slugs
  3 endoplasms
  2 giant cockroaches
  5 goblins
  8 hobgoblins
  3 quokkas (D:1)
  2 ball pythons
  5 bats
  4 frilled lizards
  4 kobolds
  A rat (D:1)
45 creatures vanquished.

Notes
Turn   | Place    | Note
-------+----------+-------------------------------------------
     0 | D:1      | qw the Gargoyle Hexslinger began the quest for the Orb.
     0 | D:1      | Reached XP level 1. HP: 12/12 MP: 2/2
     0 | D:1      | 0 ||| qw: Version: 0.3-a-51-g015441d
     0 | D:1      | 0 ||| qw: Game counter: 4102
     0 | D:1      | 0 ||| qw: Melee chars always use a shield: true
     0 | D:1      | 0 ||| qw: God list: Okawaru
     0 | D:1      | 0 ||| qw: Allow faded altars: false
     0 | D:1      | 0 ||| qw: Do Orc after clearing Dungeon:15 true
     0 | D:1      | 0 ||| qw: Do second Lair branch before Depths: true
     0 | D:1      | 0 ||| qw: Lair rune preference: random
     0 | D:1      | 0 ||| qw: Goals: Normal
     0 | D:1      | 0 ||| PLANNING D:1-11
    89 | D:1      | Reached XP level 2. HP: 15/16 MP: 3/3
   196 | D:1      | Reached skill level 3 in Ranged Weapons
   205 | D:1      | Reached XP level 3. HP: 20/21 MP: 4/4
   618 | D:1      | 618 ||| UPGRADING to +0 ring mail.
   628 | D:1      | 628 ||| DROPPING +0 robe.
   629 | D:1      | 629 ||| READING scroll labelled SUEREF CUEHAGOO.
   632 | D:1      | 632 ||| DROPPING scroll of poison.
   767 | D:2      | Found Egomn's Weapon Boutique.
  1040 | D:2      | Reached XP level 4. HP: 26/26 MP: 5/5
  1061 | D:2      | Identified the +1 robe of the Tormentor {Harm Str+2 Dex-4
                  | SInv}
  1367 | D:2      | 1367 ||| UPGRADING to +0 pair of gloves.
  1372 | D:2      | 1372 ||| UPGRADING to +1 hat.
  1377 | D:2      | 1377 ||| DROPPING +1 robe of the Tormentor {Harm Str+2
                  | Dex-4 SInv}.
  1378 | D:2      | 1378 ||| READING scroll labelled GECEAKK DERIAMYC.
  1379 | D:2      | 1379 ||| READING 2 scrolls labelled DICUST MAEHO.
  1380 | D:2      | 1380 ||| READING scroll of enchant weapon.
  1380 | D:2      | 1380 ||| ENCHANTING +2 sling.
  1381 | D:2      | 1381 ||| DRINKING 2 pink potions.
  1381 | D:2      | Gained mutation: You are somewhat resistant to further
                  | mutation. [potion of mutation]
  1382 | D:2      | 1382 ||| DRINKING 2 ruby potions.
  1803 | D:3      | Reached skill level 1 in Armour
  1883 | D:3      | Reached skill level 4 in Ranged Weapons
  1979 | D:3      | Found a faded altar of an unknown god.
  2100 | D:3      | Found a burning altar of Makhleb.
  2100 | D:3      | Noticed a blizzard demon
  2167 | D:3      | Found a glowing silver altar of Zin.
  2167 | D:3      | Found a white marble altar of Elyvilon.
  2168 | D:3      | Found a glowing golden altar of the Shining One.
  2242 | D:4      | Reached XP level 5. HP: 30/30 MP: 6/6
  2264 | D:4      | HP: 4/30 [gnoll/+0 flail[a gnoll bouda] (4)]
  2266 | D:4      | Slain by a gnoll bouda

Levels and vault maps discovered:
D:1:      lightli_arrival_lavapool, layout_loops_ring, minivault_4,
          glass_columns_a
D:2:      layout_basic, serial_shops, nicolae_shop_just_a_little_nook
D:3:      layout_loops_corners, good_gods_mini_temple,
          makhleb_altar_promises_db, basic_ecumenical_altar,
          grunt_decor_one_mirror
D:4:      layout_basic, nicolae_inconvenience_store

Skill      XL: |  1  2  3  4 |
---------------+-------------+-----
Ranged Weapons | 3 4 |  4.5
Fighting       | 2 |  2.0
Armour         | 1 |  1.0
Dodging        | |  1.5
Spellcasting   | |  1.0
Hexes          | |  2.6

Action                     |  1- 3 |  4- 6 || total
---------------------------+-------+-------++-------
   Fire: Sling             |   101 |    59 ||   160
    Use: Scroll            |     1 |     3 ||     4
         Potion            |       |     2 ||     2
 Armour: Robe              |    10 |       ||    10
         Ring mail         |    13 |    14 ||    27
  Dodge: Dodged            |    28 |    14 ||    42

Table legend:
 A = Non-vault XP
 B = Vault XP
 C = Vault XP percentage of total XP
 D = Non-vault monster count
 E = Vault monster count
 F = Vault count percentage of total count
                 A         B        C        D         E       F
            +---------+---------+-------+---------+---------+-------
      Total |     168 |       0 |   0.0 |      45 |       0 |   0.0
            +---------+---------+-------+---------+---------+-------
        D:1 |      52 |       0 |   0.0 |      21 |       0 |   0.0
        D:2 |      42 |       0 |   0.0 |      10 |       0 |   0.0
        D:3 |      34 |       0 |   0.0 |      13 |       0 |   0.0
        D:4 |      40 |       0 |   0.0 |       1 |       0 |   0.0
            +---------+---------+-------+---------+---------+-------
